 Dungeon Crawl Stone Soup version 0.32-a0-898-g7811c86cf0 (webtiles) character file.

Game seed: 3698756856372780084

210638 jasper the Slayer (level 17, -7/207 HPs)
             Began as a Minotaur Fighter on Apr 4, 2024.
             Was the Champion of Jiyva.
             Mangled by a naga warrior
             ... wielding a +0 war axe
              (18 damage)
             ... on level 3 of the Snake Pit.
             The game lasted 00:49:22 (25579 turns).

jasper the Slayer (Minotaur Fighter)               Turns: 25579, Time: 00:49:23

Health: -7/207     AC: 12    Str: 28    XL:     17   Next: 22%
Magic:  25/25      EV:  5    Int:  4    God:    Jiyva [******]
Gold:   598        SH:  0    Dex: 17    Spells: 16/16 levels left

rFire   + . .        o - +1 battleaxe (vamp)
rCold   + + +        (shield currently unavailable)
rNeg    . . .        F - +2 chain mail {rF+}
rPois   +            a - +1 hat {Stlth+}
rElec   +            d - +0 cloak
rCorr   +            (gloves unavailable)
SInv    +            (boots unavailable)
Will    +++..        K - amulet of the Sparrow {Acrobat rC+++ rCorr Int-3 SInv}
Stlth   +            G - ring "Qyenahil" {*Corrode rElec MP+9 Str+2 Dex+6}
HPRegen 2.14/turn    r - ring of poison resistance
MPRegen 0.99/turn

%: corrode self (3%), acrobat
@: corroded, constricted
A: horns 2, retaliatory headbutt, claws 3, fangs 1, hooves 3, strong-willed 2,
robust 2, wild magic 2, acidic bite, pseudopods 1, tendrils, MP-powered wands,
sturdy frame 1
}: 2/15 runes: decaying, slimy
a: Renounce Religion, Oozemancy, Slimify


You were on level 3 of the Snake Pit.
You worshipped Jiyva.
Jiyva was exalted by your worship.
You visited 6 branches of the dungeon, and saw 34 of its levels.
You also visited: Bailey.

You collected 1691 gold pieces.
You spent 1093 gold pieces at shops.

Inventory:

Hand Weapons
 m - a +5 battleaxe of flaming
 o - a +1 vampiric battleaxe (weapon)
 u - a +3 dire flail
Missiles
 A - 3 curare-tipped darts
 V - a throwing net
Armour
 a - a +1 hat of stealth (worn)
 d - a +0 cloak (worn)
 i - the scarf of Ziehul {repulsion, rF- Regen+ rCorr Dex+4}
   (You acquired it on level 13 of the Dungeon)

   Dex+4:     It affects your dexterity (+4).
   rF-:       It makes you vulnerable to fire.
   Regen+:    It increases your rate of health regeneration.
   rCorr:     It protects you from acid and corrosion.
 x - the +1 pair of boots of Ru's Condemnation {rN+ Will- Str+2}
   (You found it on level 3 of the Swamp)

   Str+2:     It affects your strength (+2).
   rN+:       It protects you from negative energy.
   Will-:     It decreases your willpower.
 F - a +2 chain mail of fire resistance (worn)
 H - the +3 Mad Mage's Maulers {Infuse+∞ VampMP -Cast}
   (You found it on level 5 of the Pits of Slime)

   Infuse+∞: It empowers its wearer's blows with all of their magic.
   VampMP:    Blows struck in melee replenish the wearer's magic.
   -Cast:     It prevents spellcasting.
Jewellery
 b - a +6 ring of dexterity
 l - a +5 ring of evasion
 r - a ring of poison resistance (right claw)
 y - a ring of see invisible
 G - the ring "Qyenahil" (left claw) {*Corrode rElec MP+9 Str+2 Dex+6}
   (You found it on level 5 of the Pits of Slime)

   [ring of magical power]

   Str+2:     It affects your strength (+2).
   Dex+6:     It affects your dexterity (+6).
   rElec:     It insulates you from electricity.
   MP+9:      It affects your magic capacity (+9).
   *Corrode:  It may corrode you when you take damage.
 I - the ring of Eternal Night {Wiz Str+3 Int+3}
   (You found it on level 5 of the Pits of Slime)

   [ring of wizardry]

   Wiz:       It improves your spell success rate.
   Str+3:     It affects your strength (+3).
   Int+3:     It affects your intelligence (+3).
 K - the amulet of the Sparrow (around neck) {Acrobat rC+++ rCorr Int-3 SInv}
   (You found it on level 5 of the Pits of Slime)

   [amulet of the acrobat]

   Acrobat:   It increases your evasion while moving and waiting.
   Int-3:     It affects your intelligence (-3).
   rC+++:     It renders you almost immune to cold.
   SInv:      It lets you see invisible.
   rCorr:     It protects you from acid and corrosion.
 L - a ring of protection from fire
 M - a +6 ring of intelligence
 S - a ring of magical power
 U - an amulet of magic regeneration
Wands
 c - a wand of digging (5)
 e - a wand of flame (38)
 k - a wand of mindburst (18)
 n - a wand of charming (23)
 q - a wand of quicksilver (24)
 t - a wand of roots (40)
 D - a wand of polymorph (6)
Scrolls
 g - 4 scrolls of teleportation
 v - a scroll of identify
 B - 2 scrolls of noise
 C - 2 scrolls of fear
 O - 3 scrolls of vulnerability
 Q - 3 scrolls of fog
 R - 3 scrolls of blinking
 W - 2 scrolls of enchant weapon
 Z - 4 scrolls of enchant armour
Potions
 h - 3 potions of attraction
 j - a potion of degeneration
 p - a potion of magic
 s - 7 potions of curing
 w - 4 potions of mutation
 z - 7 potions of enlightenment
 J - a potion of berserk rage
 N - 2 potions of lignification
 T - 3 potions of brilliance
 X - a potion of ambrosia
 Y - 3 potions of haste
Miscellaneous
 f - a Gell's gravitambourine (2/2)
 P - a lightning rod (3/4)


   Skills:
 * Level 21.2 Fighting
 - Level 20.0 Axes
 + Level 20.8 Armour
 + Level 10.5 Dodging
 - Level 3.9 Shields
 + Level 2.9 Evocations


You had 16 spell levels left.
You didn't know any spells.
Your spell library contained the following spells:

 Spells                   Type           Power      Damage    Failure   Level
 Magic Dart               Conj           0%         1d3       85%         1
 Sting                    Conj/Alch      0%         1d3       85%         1
 Blink                    Tloc           0%         N/A       93%         2
 Call Imp                 Summ           0%         N/A       93%         2
 Cigotuvi's Dreadful Rot  Necr/Alch/Air  0%         N/A       93%         2
 Ensorcelled Hibernation  Hex/Ice        0%         N/A       93%         2
 Jinxbite                 Hex            0%         N/A       93%         2
 Mercury Vapours          Alch/Air       0%         N/A       93%         2
 Call Canine Familiar     Summ           0%         N/A       99%         3
 Hailstorm                Conj/Ice       0%         3d5       99%         3
 Inner Flame              Hex/Fire       0%         N/A       99%         3
 Mephitic Cloud           Conj/Alch/Air  0%         N/A       99%         3
 Passwall                 Erth           0%         N/A       99%         3
 Sigil of Binding         Hex            0%         N/A       99%         3
 Swiftness                Air            0%         N/A       99%         3
 Dimensional Bullseye     Hex/Tloc       0%         N/A       100%        4
 Ignite Poison            Fire/Alch      0%         N/A       100%        4
 Olgreb's Toxic Radiance  Alch           0%         N/A       100%        4
 Sticky Flame             Fire/Alch      0%         2d4       100%        4
 Vhi's Electric Charge    Tloc/Air       0%         N/A       100%        4
 Freezing Cloud           Conj/Ice/Air   0%         6-21      100%        5
 Irradiate                Conj/Alch      0%         3d11      100%        5
 Yara's Violent Unravell  Hex/Alch       0%         3d3       100%        5
 Gell's Gavotte           Tloc           0%         2d(11-16) 100%        6
 Enfeeble                 Hex            0%         N/A       100%        7
 Malign Gateway           Summ/Tloc      0%         N/A       100%        7
 Ozocubu's Refrigeration  Ice            0%         4d7       100%        7
 Discord                  Hex            0%         N/A       100%        8
 Ignition                 Fire           0%         3d3       100%        8


Dungeon Overview and Level Annotations

Branches:
Dungeon (15/15)            Temple (0/1) D:6            Lair (5/5) D:11
  Swamp (4/4) Lair:2        Snake (3/4) Lair:3        Slime (5/5) Lair:5
    Orc (2/2) D:12            Elf (0/3) Orc:2        Vaults (0/5) D:14
 Depths (0/4) D:15         Bailey (visited)

Altars:
Cheibriados
Fedhas
Gozag
Okawaru
Sif Muna
Yredelemnul
Jiyva

Shops:
D:12 *   Orc:1 *   Orc:2 *([(*

Annotations:
D:6 3 runed translucent doors, RoseCult's ghost, novice HuBe
Swamp:3 3 runed translucent doors, xianbchi's ghost, adept DsGl
Slime:5 Royal Jelly


Innate Abilities, Weirdness & Mutations

You have a pair of horns on your head.
You reflexively headbutt those who attack you in melee.
You have claws for hands.
You have very sharp teeth.
You have hooves in place of feet.
You are highly strong-willed. (Will++)
You are very robust. (+20% HP)
Your spells are harder to cast, but more powerful.
You have acidic saliva.
Armour fits poorly on your pseudopods.
You are covered in slimy tendrils that may disarm your opponents.
You expend magic power (3 MP) to strengthen your wands.
Your movements are slightly less encumbered by armour. (ER -2)


Message History

You bludgeon the naga, but do no damage.
You slash the naga warrior!
You feel better.
You hit the naga warrior but do no damage.
You hit the naga warrior.
You feel better. The naga misses you. You furiously retaliate!
You headbutt the naga! The naga grabs you. The naga constricts you.
The naga warrior hits you.
You regained 5 hp, and now have 81/207 hp.
You hit the naga but do no damage.
You headbutt the naga, but do no damage.
You bite the naga. Your bludgeon misses the naga.
The naga is severely wounded.
You hit the naga warrior but do no damage.
You hit the naga warrior.
You hit the naga warrior but do no damage.
The salamander hits you from afar with a +0 trident.
You are engulfed in flames.
You resist.
The naga warrior hits you with a +0 war axe.
The naga hits you but does no damage. The naga constricts you.
The naga warrior spits poison at you. The splash of poison hits you.
You resist.
Your corrosive artefact corrodes you!
You take 15 damage, and have 66/207 hp.
You hit the naga.
The naga is almost dead.
You completely miss the naga warrior. You closely miss the naga warrior.
The naga warrior blocks your attack. The salamander barely misses you.
The naga warrior hits you with a +1 mace of holy wrath!!!
* * * LOW HITPOINT WARNING * * *
You take 34 damage, and have 32/207 hp.
You hit the naga but do no damage. You kick the naga.
You headbutt the naga, but do no damage.
Your bite misses the naga.
The naga is almost dead.
The naga warrior blocks your attack. x2; You barely miss the naga warrior.
The naga hits you with a +0 long sword!!
* * * LOW HITPOINT WARNING * * *
The naga constricts you.
The naga warrior hits you with a +0 war axe!!
You die...
Jiyva sends a jelly to digest your remains.

........#
#.......
#......##
#.......#
#.......#
#.......#
+..NN...#
###.N@)...#
###....N)<..#
.....N.).####
.........#
#####....##
#..<>.#
#.....#
#......#
#......#


You could see 3 naga warriors, a salamander (strong) and a naga (strong).

Vanquished Creatures
  Mara (Swamp:3)
  Nikola (Swamp:1)
  Rupert (Lair:4)
  Jorgrun (Snake:1)
  Aizul (Swamp:1)
  3 fenstrider witches
  3 ghouls (Swamp:3)
  5 eleionomae
  5 bunyips
  2 ettins (D:15)
  Snorg (D:10)
  An entropy weaver (shapeshifter) (D:15)
  A fire dragon (Lair:5)
  3 shambling mangroves
  The ghost of redsdead the Spear-Bearer, a journeyman FoFi of Ru (Orc:2)
  10 hydras
  3 ghost crabs (Swamp:4)
  A spriggan air mage (Swamp:3)
  3 rakshasas (D:15)
  2 boulder beetles
  A centaur warrior (D:13)
  2 ice dragons (Swamp:4)
  2 anacondas
  8 alligators
  4 two-headed ogres
  4 occultists (D:15)
  2 tengu warriors
  8 death yaks
  2 naga warriors (Snake:2)
  3 shock serpents
  Urug (Lair:4)
  6 naga sharpshooters
  3 orc high priests (Orc:2)
  A salamander mystic (Snake:2)
  4 spriggan druids
  2 deep trolls (D:15)
  4 goliath frogs
  6 skeletal warriors
  6 mana vipers (Snake:1)
  6 bog bodies
  3 swamp dragons
  2 lindwurms (Lair:5)
  A necromancer (D:15)
  An obsidian bat (Orc:2)
  2 deep elf zephyrmancers
  2 orc knights
  3 deep elf pyromancers
  5 orc sorcerers (Orc:2)
  4 salamanders (Snake:2)
  5 cyclopes
  2 manticores
  4 will-o-the-wisps
  7 elephants
  A kobold blastminer (Orc:2)
  2 ugly things
  2 guardian serpents
  15 black mambas
  3 naga magi
  7 cane toads
  2 torpor snails
  A water nymph (shapeshifter) (D:14)
  3 molten gargoyles (Lair:5)
  4 gargoyles
  An unseen horror (D:12)
  4 kobold demonologists (D:8)
  11 komodo dragons
  4 freezing wraiths (Swamp:4)
  5 rime drakes
  A yaktaur (D:12)
  A tengu conjurer (D:15)
  2 efreet
  Psyche (D:10)
  8 trolls
  2 polar bears
  9 hornets
  Prince Ribbit (D:5)
  11 tyrant leeches
  8 blink frogs
  15 dream sheep
  A shadow (D:11)
  A spriggan (shapeshifter) (D:14)
  7 wyverns
  A wraith (D:12)
  71 yaks
  A water elemental (D:15)
  10 spriggans
  4 swamp worm simulacra (Swamp:4)
  2 wargs (Orc:1)
  6 basilisks
  24 vampire mosquitoes
  5 steam dragons
  13 swamp worms
  23 nagas
  5 hell hounds (Lair:5)
  2 acid dragons
  28 water moccasins
  12 hydra simulacra (Swamp:4)
  6 ice beasts
  4 swamp drakes
  2 laughing skulls (D:15)
  2 ogres
  28 orc warriors
  14 wolves
  6 centaurs
  A phantom (D:5)
  2 kobold brigands
  Blork the orc (D:4)
  11 bullfrogs
  A scorpion (shapeshifter) (D:14)
  5 gnoll sergeants (D:7)
  2 scorpions (D:6)
  29 wights
  8 killer bees
  2 howler monkeys (D:8)
  An electric eel (D:15)
  A crimson imp (Orc:2)
  5 lava snakes (Lair:5)
  An iron imp (Orc:2)
  A bombardier beetle (D:7)
  6 gnoll boudas
  18 orc priests
  An iguana (D:6)
  41 orc wizards
  Robin (D:3)
  23 gnolls
  21 adders
  A shadow imp (Orc:2)
  5 white imps
  An ufetubus (D:6)
  4 swamp drake simulacra (Swamp:4)
  A ribbon worm (D:2)
  5 dart slugs
  61 orcs
  5 ball pythons
  An endoplasm (D:1)
  A giant cockroach (D:4)
  17 goblins
  13 hobgoblins
  5 quokkas
  3 bats (D:2)
  A frilled lizard (D:3)
  19 kobolds
  4 rats
  A butterfly (Lair:4)
897 creatures vanquished.

Vanquished Creatures (collateral kills)
  A gnoll sergeant (D:7)
1 creature vanquished.

Vanquished Creatures (others)
  2 azure jellies (Swamp:4)
  An occultist (D:15)
  A black mamba (Snake:2)
  2 rime drakes (Lair:5)
  3 bloated husks
  2 slime creatures (Lair:5)
  2 yaks
  A hydra simulacrum (Swamp:4)
  A naga (Snake:2)
  2 water moccasins
  A kobold brigand (D:4)
  A bullfrog (Lair:4)
  A brain worm (shapeshifter) (D:14)
  2 wights
  An electric eel (D:15)
  A howler monkey (D:4)
  96 jellies
  An orc priest (Orc:2)
  Ijyb (D:4)
  4 orc wizards
  2 adders
  6 gnolls
  An ufetubus (D:6)
  7 orcs
  2 ball pythons
  An endoplasm (D:4)
  3 giant cockroaches
  3 goblins
  5 hobgoblins
  2 jackals (D:3)
  A kobold (D:3)
  3 quokkas
  3 bats
  A frilled lizard (D:1)
  4 rats
  A butterfly (Lair:2)
  12 foxfires (Swamp:3)
183 creatures vanquished.

Grand Total: 1081 creatures vanquished

Notes
Turn   | Place    | Note
-------+----------+-------------------------------------------
     0 | D:1      | jasper the Minotaur Fighter began the quest for the Orb.
     0 | D:1      | Reached XP level 1. HP: 19/19 MP: 0/0
     6 | D:1      | Found a faded altar of an unknown god.
    26 | D:1      | Prayed at the altar of an unknown god.
    26 | D:1      | Became a worshipper of Jiyva Jaateer the Shapeless
    26 | D:1      | Reached * piety under Jiyva
   108 | D:1      | Reached XP level 2. HP: 26/26 MP: 1/1
   433 | D:1      | Reached ** piety under Jiyva
   542 | D:2      | Reached XP level 3. HP: 31/31 MP: 2/2
   688 | D:2      | Reached skill level 5 in Axes
   702 | D:2      | Reached XP level 4. HP: 39/39 MP: 3/3
  1038 | D:3      | Noticed Robin
  1051 | D:3      | Reached *** piety under Jiyva
  1060 | D:3      | Killed Robin
  1197 | D:3      | Reached XP level 5. HP: 36/45 MP: 4/4
  1212 | D:3      | Reached XP level 6. HP: 24/51 MP: 5/5
  1480 | D:3      | Found an opulent altar of Gozag.
  1482 | D:3      | Gained mutation: You are covered in fur. (AC +1) [Jiyva's
                  | grace]
  1482 | D:3      | Gained mutation: You are covered in thick fur. (AC +2)
                  | [Jiyva's grace]
  1482 | D:3      | Gained mutation: Your thick and shaggy fur keeps you warm.
                  | (AC +3, rC+) [Jiyva's grace]
  1482 | D:3      | Gained mutation: Your flesh is heat resistant. (rF+)
                  | [Jiyva's grace]
  1485 | D:3      | Found a blossoming altar of Fedhas.
  1485 | D:3      | Found a basalt altar of Yredelemnul.
  1485 | D:3      | Found a snail-covered altar of Cheibriados.
  1848 | D:4      | Reached **** piety under Jiyva
  1888 | D:4      | Noticed Blork the orc
  1900 | D:4      | Killed Blork the orc
  2028 | D:4      | Killed Ijyb
  2415 | D:5      | Entered Level 5 of the Dungeon
  2540 | D:5      | Noticed a water moccasin
  2549 | D:5      | Killed a water moccasin
  2644 | D:5      | Noticed Prince Ribbit
  2646 | D:5      | Reached XP level 7. HP: 53/57 MP: 6/6
  2657 | D:5      | Killed Prince Ribbit
  2658 | D:5      | Reached skill level 10 in Axes
  2854 | D:5      | Reached ***** piety under Jiyva
  3088 | D:5      | Found a shimmering blue altar of Sif Muna.
  3205 | D:6      | Reached XP level 8. HP: 64/64 MP: 7/7
  3344 | D:6      | Found a runed translucent gate.
  3344 | D:6      | Found a runed translucent gate.
  3344 | D:6      | Found a runed translucent gate.
  3348 | D:6      | Noticed RoseCult's ghost (novice HuBe)
  3403 | D:6      | Found a staircase to the Ecumenical Temple.
  3459 | D:6      | Gained mutation: Your mind is acute. (Int +4, Str/Dex -1)
                  | [Jiyva's grace]
  3459 | D:6      | Gained mutation: Your mind is very acute. (Int +8, Str/Dex
                  | -2) [Jiyva's grace]
  3459 | D:6      | Gained mutation: You have a small jelly attached to you
                  | that may absorb projectiles. [Jiyva's grace]
  3459 | D:6      | Gained mutation: You are agile. (Dex +4, Str/Int -1)
                  | [Jiyva's grace]
  4365 | D:7      | Reached XP level 9. HP: 45/70 MP: 8/8
  4423 | D:7      | Reached skill level 4 in Fighting
  4683 | D:7      | Reached skill level 5 in Armour
  4936 | D:8      | Reached skill level 5 in Fighting
  4990 | D:8      | Noticed a kobold demonologist
  4992 | D:8      | Noticed a hellwing
  5001 | D:8      | Killed a kobold demonologist
  5002 | D:8      | Reached skill level 6 in Fighting
  5037 | D:8      | Reached ****** piety under Jiyva
  5057 | D:8      | Found an iron altar of Okawaru.
  5101 | D:8      | Noticed a kobold demonologist
  5101 | D:8      | Noticed a kobold demonologist
  5109 | D:8      | Noticed a kobold demonologist
  5114 | D:8      | Noticed a hellwing
  5114 | D:8      | Killed a kobold demonologist
  5115 | D:8      | Reached skill level 7 in Fighting
  5115 | D:8      | Killed a kobold demonologist
  5119 | D:8      | Noticed a hellwing
  5121 | D:8      | Noticed a rust devil
  5124 | D:8      | Reached skill level 8 in Fighting
  5124 | D:8      | Reached XP level 10. HP: 37/86 MP: 9/9
  5287 | D:8      | You fall into a shaft and drop 2 floors!
  5287 | D:10     | Entered Level 10 of the Dungeon
  5305 | D:10     | Noticed a gargoyle
  5313 | D:10     | Killed a gargoyle
  5314 | D:10     | Reached skill level 9 in Fighting
  5334 | D:10     | Lost mutation: You are agile. (Dex +4, Str/Int -1) [Jiyva's
                  | grace]
  5334 | D:10     | Lost mutation: Your mind is very acute. (Int +8, Str/Dex
                  | -2) [Jiyva's grace]
  5334 | D:10     | Gained mutation: You have acidic saliva. [Jiyva's grace]
  5334 | D:10     | Gained mutation: You have sharp toenails. [Jiyva's grace]
  5334 | D:10     | Gained mutation: You have razor-sharp toenails. [Jiyva's
                  | grace]
  5334 | D:10     | Gained mutation: You have claws for feet. [Jiyva's grace]
  5617 | D:10     | Noticed Snorg
  5625 | D:10     | Killed Snorg
  5626 | D:10     | Reached skill level 10 in Fighting
  5626 | D:10     | Reached skill level 10 in Armour
  5921 | D:10     | Noticed a two-headed ogre
  5926 | D:10     | Killed a two-headed ogre
  5927 | D:10     | Reached skill level 11 in Fighting
  5927 | D:10     | Reached XP level 11. HP: 102/102 MP: 10/10
  6048 | D:10     | Noticed Psyche
  6053 | D:10     | Killed Psyche
  6240 | D:11     | Found a staircase to the Lair.
  6253 | D:11     | Reached skill level 12 in Fighting
  6284 | D:11     | Lost mutation: You have claws for feet. [Jiyva's grace]
  6284 | D:11     | Gained mutation: Your movements are slightly less
                  | encumbered by armour. (ER -2) [Jiyva's grace]
  6284 | D:11     | Gained mutation: Your movements are less encumbered by
                  | armour. (ER -4) [Jiyva's grace]
  6284 | D:11     | Gained mutation: Your movements are significantly less
                  | encumbered by armour. (ER -6) [Jiyva's grace]
  6284 | D:11     | Gained mutation: You are covered in slimy tendrils that may
                  | disarm your opponents. [Jiyva's grace]
  6308 | D:11     | Noticed a two-headed ogre
  6313 | D:11     | Killed a two-headed ogre
  6988 | Lair:1   | Entered Level 1 of the Lair of Beasts
  7021 | Lair:1   | Reached skill level 13 in Fighting
  7115 | Lair:3   | Reached XP level 12. HP: 92/116 MP: 11/11
  7139 | Lair:3   | Found a staircase to the Snake Pit.
  7155 | Lair:3   | Reached skill level 14 in Fighting
  7289 | Lair:4   | Noticed a death yak
  7289 | Lair:4   | Noticed a death yak
  7307 | Lair:4   | Killed a death yak
  7307 | Lair:4   | Killed a death yak
  7331 | Lair:4   | Noticed Rupert
  7342 | Lair:4   | Paralysed by Rupert for 4 turns
  7351 | Lair:4   | Killed Rupert
  7352 | Lair:4   | Reached skill level 15 in Fighting
  7352 | Lair:4   | Reached skill level 15 in Armour
  7500 | Lair:4   | Noticed Urug
  7509 | Lair:4   | Killed Urug
  7659 | Lair:4   | Lost mutation: You have acidic saliva. [Jiyva's grace]
  7659 | Lair:4   | Lost mutation: Your movements are significantly less
                  | encumbered by armour. (ER -6) [Jiyva's grace]
  7659 | Lair:4   | Gained mutation: You have very sharp teeth. [Jiyva's grace]
  7659 | Lair:4   | Gained mutation: You have extremely sharp teeth. [Jiyva's
                  | grace]
  7659 | Lair:4   | Gained mutation: You have razor-sharp teeth. [Jiyva's
                  | grace]
  7659 | Lair:4   | Gained mutation: Your melee attacks may engulf your foes in
                  | ooze. [Jiyva's grace]
  7909 | Lair:5   | Entered Level 5 of the Lair of Beasts
  7960 | Lair:5   | Noticed a death yak
  7961 | Lair:5   | Noticed a death yak
  7962 | Lair:5   | Noticed a death yak
  7963 | Lair:5   | Noticed a death yak
  7963 | Lair:5   | Noticed a death yak
  7964 | Lair:5   | Noticed a death yak
  7976 | Lair:5   | Killed a death yak
  7985 | Lair:5   | Killed a death yak
  7993 | Lair:5   | Killed a death yak
  7999 | Lair:5   | Reached skill level 16 in Fighting
  8002 | Lair:5   | Killed a death yak
  8009 | Lair:5   | Killed a death yak
  8010 | Lair:5   | Reached XP level 13. HP: 48/128 MP: 12/12
  8098 | Lair:5   | Got the Compilation of Subspace
  8398 | Lair:5   | Reached skill level 17 in Fighting
  8518 | Lair:5   | HP: 4/133 [komodo dragon (17)]
  8617 | Lair:5   | Found a viscous altar of Jiyva.
  8618 | Lair:5   | Found a staircase to the Slime Pits.
  8629 | Slime:1  | Entered Level 1 of the Pits of Slime
  8634 | Slime:1  | Noticed a quicksilver ooze
  8642 | Slime:1  | Noticed a quicksilver ooze
  8643 | Slime:1  | Noticed an azure jelly
  8643 | Slime:1  | Noticed an acid blob
  8645 | Slime:1  | Noticed an azure jelly
  8646 | Slime:1  | Noticed a rockslime
  8647 | Slime:1  | Noticed an azure jelly
  8647 | Slime:1  | Noticed a rockslime
  8648 | Slime:1  | Noticed a quicksilver ooze
  8650 | Slime:1  | Noticed a rockslime
  8653 | Slime:1  | Noticed a rockslime
  8654 | Slime:1  | Noticed a quicksilver ooze
  8750 | Slime:1  | Noticed a rockslime
  8750 | Slime:1  | Noticed an acid blob
  8753 | Slime:2  | Noticed an azure jelly
  8758 | Slime:3  | Noticed an acid blob
  8764 | Slime:3  | Noticed a rockslime
  8765 | Slime:3  | Noticed an acid blob
  8838 | Slime:5  | Entered Level 5 of the Pits of Slime
  8838 | Slime:5  | Noticed a quicksilver ooze
  8879 | Slime:5  | Noticed an acid blob
  8886 | Slime:5  | Noticed a quicksilver ooze
  8904 | Slime:5  | Found the +3 Mad Mage's Maulers {Infuse+∞ VampMP -Cast}
  8905 | Slime:5  | Noticed an acid blob
  8912 | Slime:5  | Identified the ring "Qyenahil" {*Corrode rElec MP+9 Str+2
                  | Dex+6}
  8913 | Slime:5  | Noticed a rockslime
  8915 | Slime:5  | Noticed an acid blob
  8922 | Slime:5  | Found a viscous altar of Jiyva.
  8922 | Slime:5  | Noticed a quicksilver ooze
  8922 | Slime:5  | Noticed an acid blob
  8923 | Slime:5  | Identified the +5 ring mail "Ufrit" {^Drain rPois Int-5
                  | Dex+7}
  8924 | Slime:5  | Got a starry gem with 307 turns to spare
  8925 | Slime:5  | Identified the ring of Eternal Night {Wiz Str+3 Int+3}
  8928 | Slime:5  | Got a slimy rune of Zot
  8935 | Slime:5  | Identified the +2 plate armour of the Iron City of Dis
                  | {-Tele rF+ rN+ Dex+3}
  8938 | Slime:5  | Got the Vademecum on the Translocated Iceberg
  8944 | Slime:5  | Noticed an acid blob
  8949 | Slime:5  | Identified the +5 war axe "Uloifolu" {holy, rN+ Int+2}
  8956 | Slime:5  | Identified the amulet of the Sparrow {Acrobat rC+++ rCorr
                  | Int-3 SInv}
  8967 | Slime:5  | Identified the staff "Moitom" {Dex+3 Conj Alchemy}
  8972 | Slime:5  | Noticed a rockslime
  8982 | Slime:5  | Noticed a rockslime
  9010 | Slime:5  | Noticed an acid blob
  9139 | Slime:5  | Noticed an acid blob
  9190 | Slime:5  | Noticed the Royal Jelly
  9191 | Slime:5  | Noticed a rockslime
  9230 | Slime:5  | Noticed a rockslime
  9258 | Slime:2  | Noticed an acid blob
  9262 | Slime:1  | Noticed an azure jelly
  9269 | Slime:1  | Noticed a quicksilver ooze
  9374 | Slime:2  | Noticed an acid blob
  9378 | Slime:2  | Noticed a quicksilver ooze
  9388 | Slime:2  | Noticed a quicksilver ooze
  9407 | Slime:2  | Noticed a formless jellyfish
  9409 | Slime:2  | Noticed a formless jellyfish
  9410 | Slime:2  | Noticed a formless jellyfish
  9417 | Slime:2  | Noticed an acid blob
  9587 | Lair:5   | Noticed a fire dragon
  9657 | Lair:5   | Found a large runed translucent door.
  9657 | Lair:5   | Found a large runed translucent door.
  9686 | Lair:5   | Killed a fire dragon
  9687 | Lair:5   | Reached skill level 18 in Fighting
  9699 | Lair:5   | Got an earthy gem with 1874 turns to spare
 10086 | D:9      | Found a flagged portal.
 10100 | Bailey   | Entered a bailey
 10155 | Bailey   | Found a large runed translucent door.
 10155 | Bailey   | Found a large runed translucent door.
 10296 | Bailey   | Identified the +0 scale mail of the Six Spirits {Str+3
                  | Dex+3}
 10772 | D:9      | Lost mutation: You have razor-sharp toenails. [Jiyva's
                  | grace]
 10772 | D:9      | Lost mutation: You are covered in slimy tendrils that may
                  | disarm your opponents. [Jiyva's grace]
 10772 | D:9      | Lost mutation: Your melee attacks may engulf your foes in
                  | ooze. [Jiyva's grace]
 10772 | D:9      | Gained mutation: You are agile. (Dex +4, Str/Int -1)
                  | [Jiyva's grace]
 10772 | D:9      | Gained mutation: You are very agile. (Dex +8, Str/Int -2)
                  | [Jiyva's grace]
 10772 | D:9      | Gained mutation: You passively map a small area around you.
                  | [Jiyva's grace]
 10772 | D:9      | Gained mutation: You passively map the area around you.
                  | [Jiyva's grace]
 11436 | Lair:1   | Reached XP level 14. HP: 143/143 MP: 1/13
 11665 | Lair:1   | Reached skill level 15 in Axes
 12293 | Lair:2   | Found a staircase to the Swamp.
 12347 | Lair:2   | Lost mutation: You have razor-sharp teeth. [Jiyva's grace]
 12347 | Lair:2   | Lost mutation: Your flesh is heat resistant. (rF+) [Jiyva's
                  | grace]
 12347 | Lair:2   | Lost mutation: You passively map the area around you.
                  | [Jiyva's grace]
 12347 | Lair:2   | Lost mutation: You passively map a small area around you.
                  | [Jiyva's grace]
 12347 | Lair:2   | Lost mutation: Your thick and shaggy fur keeps you warm.
                  | (AC +3, rC+) [Jiyva's grace]
 12347 | Lair:2   | Lost mutation: Your movements are less encumbered by
                  | armour. (ER -4) [Jiyva's grace]
 12347 | Lair:2   | Gained mutation: You are strong-willed. (Will+) [Jiyva's
                  | grace]
 12347 | Lair:2   | Gained mutation: You are highly strong-willed. (Will++)
                  | [Jiyva's grace]
 12347 | Lair:2   | Gained mutation: You are extremely strong-willed. (Will+++)
                  | [Jiyva's grace]
 12347 | Lair:2   | Gained mutation: You are partially covered in iridescent
                  | scales. (AC +2) [Jiyva's grace]
 12545 | Lair:2   | Identified the +6 trident of the Wolf {freeze, rElec rN+
                  | Will+}
 13838 | D:12     | Found Qustruam's Assorted Antiques.
 13850 | D:12     | Bought a scroll of fog for 124 gold pieces
 13850 | D:12     | Bought a scroll labelled ETAUSUXTUOV for 31 gold pieces
 13850 | D:12     | Bought a scroll of enchant weapon for 232 gold pieces
 13862 | D:12     | Identified the +5 spear of Eharungi {flame, rF+ rCorr}
 14321 | D:12     | Lost mutation: You are partially covered in iridescent
                  | scales. (AC +2) [Jiyva's grace]
 14321 | D:12     | Lost mutation: You are very agile. (Dex +8, Str/Int -2)
                  | [Jiyva's grace]
 14321 | D:12     | Lost mutation: Your mind is acute. (Int +4, Str/Dex -1)
                  | [Jiyva's grace]
 14321 | D:12     | Lost mutation: You are extremely strong-willed. (Will+++)
                  | [Jiyva's grace]
 14321 | D:12     | Lost mutation: You are covered in thick fur. (AC +2)
                  | [Jiyva's grace]
 14321 | D:12     | Gained mutation: You are robust. (+10% HP) [Jiyva's grace]
 14321 | D:12     | Gained mutation: You are very robust. (+20% HP) [Jiyva's
                  | grace]
 14321 | D:12     | Gained mutation: You are extremely robust. (+30% HP)
                  | [Jiyva's grace]
 14321 | D:12     | Gained mutation: Armour fits poorly on your pseudopods.
                  | [Jiyva's grace]
 14345 | D:12     | Found a staircase to the Orcish Mines.
 14710 | Orc:1    | Entered Level 1 of the Orcish Mines
 14804 | Orc:1    | Found Latwalukh's General Store.
 14812 | Orc:1    | Bought 3 scrolls of enchant armour for 225 gold pieces
 14812 | Orc:1    | Bought 2 potions of curing for 60 gold pieces
 14812 | Orc:1    | Bought a scroll of blinking for 75 gold pieces
 14812 | Orc:1    | Bought a scroll of fear for 40 gold pieces
 15231 | Orc:2    | Entered Level 2 of the Orcish Mines
 15729 | Orc:2    | Found Fayntiso's Antique Weapon Shoppe.
 15729 | Orc:2    | Found Ilapesez's Antique Armour Shoppe.
 15736 | Orc:2    | Found Foawelur's Weapon Emporium.
 15736 | Orc:2    | Found Hyran's Assorted Antiques.
 15748 | Orc:2    | Bought a bubbling red potion for 24 gold pieces
 15748 | Orc:2    | Bought a bubbling inky potion for 24 gold pieces
 15748 | Orc:2    | Bought 2 potions of curing for 162 gold pieces
 15748 | Orc:2    | Bought a scroll of identify for 54 gold pieces
 15782 | Orc:2    | Noticed redsdead's ghost (journeyman FoFi)
 15798 | Orc:2    | Found a transporter.
 15825 | Orc:2    | Found a transporter.
 15842 | Orc:2    | Killed redsdead's ghost
 15932 | Orc:2    | Found a staircase to the Elven Halls.
 15999 | Orc:2    | Found Resunusch's General Store.
 16007 | Orc:2    | Bought a scroll of teleportation for 42 gold pieces
 16433 | D:13     | Lost mutation: You have extremely sharp teeth. [Jiyva's
                  | grace]
 16433 | D:13     | Lost mutation: You have sharp toenails. [Jiyva's grace]
 16433 | D:13     | Lost mutation: Armour fits poorly on your pseudopods.
                  | [Jiyva's grace]
 16433 | D:13     | Gained mutation: You are covered in slimy tendrils that may
                  | disarm your opponents. [Jiyva's grace]
 16433 | D:13     | Gained mutation: You have supernaturally acute eyesight.
                  | (SInv) [Jiyva's grace]
 16433 | D:13     | Gained mutation: You have acidic saliva. [Jiyva's grace]
 16433 | D:13     | Gained mutation: Your rubbery body absorbs attacks. (AC +1,
                  | EV +1) [Jiyva's grace]
 16714 | D:13     | Reached XP level 15. HP: 179/193 MP: 2/14
 16748 | D:13     | Identified a scroll of acquirement
 16748 | D:13     | Acquired the scarf of Ziehul {repulsion, rF- Regen+ rCorr
                  | Dex+4}
 18020 | D:14     | Lost mutation: You are agile. (Dex +4, Str/Int -1) [Jiyva's
                  | grace]
 18020 | D:14     | Lost mutation: Your rubbery body absorbs attacks. (AC +1,
                  | EV +1) [Jiyva's grace]
 18020 | D:14     | Lost mutation: You are covered in slimy tendrils that may
                  | disarm your opponents. [Jiyva's grace]
 18020 | D:14     | Lost mutation: You have a small jelly attached to you that
                  | may absorb projectiles. [Jiyva's grace]
 18020 | D:14     | Gained mutation: Your spells are a little harder to cast,
                  | but a little more powerful. [Jiyva's grace]
 18020 | D:14     | Gained mutation: Your spells are harder to cast, but more
                  | powerful. [Jiyva's grace]
 18020 | D:14     | Gained mutation: Your spells are much harder to cast, but
                  | much more powerful. [Jiyva's grace]
 18020 | D:14     | Gained mutation: You have hidden genetic potential.
                  | [Jiyva's grace]
 18027 | D:14     | Found a gate to the Vaults.
 18053 | D:14     | Reached skill level 1 in Dodging
 18249 | D:15     | Entered Level 15 of the Dungeon
 18695 | D:15     | Found a staircase to the Depths.
 18915 | D:15     | Identified the +3 ring mail of Zin's Castigation {rC+}
 19718 | Slime:1  | Noticed an acid blob
 19953 | Swamp:1  | Entered Level 1 of the Swamp
 20047 | Swamp:1  | Identified the serpent talisman of Heresy {Str+2 Int+2
                  | Stlth+}
 20047 | Swamp:1  | Noticed Aizul
 20059 | Swamp:1  | Killed Aizul
 20124 | Swamp:1  | Reached skill level 5 in Dodging
 20202 | Swamp:1  | Noticed a fenstrider witch
 20206 | Swamp:1  | Killed a fenstrider witch
 20319 | Swamp:1  | Identified the +7 flail of the Grave {spect, rElec rCorr
                  | Str+3 Dex+3}
 20327 | Swamp:1  | Noticed Nikola
 20341 | Swamp:1  | Killed Nikola
 20601 | Swamp:2  | Reached skill level 19 in Fighting
 20964 | Swamp:2  | Lost mutation: You have supernaturally acute eyesight.
                  | (SInv) [Jiyva's grace]
 20964 | Swamp:2  | Lost mutation: You are extremely robust. (+30% HP) [Jiyva's
                  | grace]
 20964 | Swamp:2  | Lost mutation: You are very robust. (+20% HP) [Jiyva's
                  | grace]
 20964 | Swamp:2  | Lost mutation: Your spells are much harder to cast, but
                  | much more powerful. [Jiyva's grace]
 20964 | Swamp:2  | Gained mutation: You have sharp fingernails. [Jiyva's
                  | grace]
 20964 | Swamp:2  | Gained mutation: You have very sharp fingernails. [Jiyva's
                  | grace]
 20964 | Swamp:2  | Gained mutation: You have claws for hands. [Jiyva's grace]
 20964 | Swamp:2  | Gained mutation: Armour fits poorly on your pseudopods.
                  | [Jiyva's grace]
 21104 | Swamp:2  | Reached XP level 16. HP: 154/159 MP: 15/15
 21403 | Swamp:3  | Gained mutation: You expend magic power (3 MP) to
                  | strengthen your wands. [hidden potential]
 21546 | Swamp:3  | Found a runed translucent gate.
 21574 | Swamp:3  | Found a runed translucent gate.
 21576 | Swamp:3  | Found a runed translucent gate.
 21577 | Swamp:3  | Noticed xianbchi's ghost (adept DsGl)
 21627 | Swamp:3  | Noticed Mara
 21708 | Swamp:3  | Killed Mara
 21792 | Swamp:3  | Identified the +1 pair of boots of Ru's Condemnation {rN+
                  | Will- Str+2}
 21862 | Swamp:3  | Reached skill level 20 in Fighting
 22254 | Swamp:4  | Entered Level 4 of the Swamp
 22495 | Swamp:4  | Got a decaying rune of Zot
 22755 | Swamp:4  | HP: 5/181 [shambling mangrove (10)]
 23265 | Snake:1  | Entered Level 1 of the Snake Pit
 23443 | Snake:1  | Noticed Jorgrun
 23445 | Snake:1  | Reached skill level 1 in Evocations
 23450 | Snake:1  | Reached skill level 10 in Dodging
 23459 | Snake:1  | Killed Jorgrun
 23460 | Snake:1  | Reached XP level 17. HP: 132/189 MP: 9/16
 23530 | Snake:1  | Lost mutation: You are covered in fur. (AC +1) [Jiyva's
                  | grace]
 23530 | Snake:1  | Gained mutation: You are covered in slimy tendrils that may
                  | disarm your opponents. [Jiyva's grace]
 23530 | Snake:1  | Gained mutation: You have large cloven feet. [Jiyva's
                  | grace]
 23530 | Snake:1  | Gained mutation: You have hoof-like feet. [Jiyva's grace]
 23530 | Snake:1  | Gained mutation: You have hooves in place of feet. [Jiyva's
                  | grace]
 24284 | Snake:2  | Reached skill level 21 in Fighting
 24313 | Snake:2  | Gained mutation: You are very robust. (+20% HP) [hidden
                  | potential]
 24313 | Snake:2  | Lost mutation: You have hidden genetic potential. [hidden
                  | potential expressed]
 25579 | Snake:3  | Mangled by a naga warrior

Illustrated notes

Levels and vault maps discovered:
D:1:      heliophobic_arrival_enchanted_forest, layout_basic,
          chequers_ecumenical_altar_simple_redux
D:2:      layout_rooms
D:3:      layout_loops_ring, grunt_temple_overflow_open, serial_aquarium,
          aquarium_bridge_long_separate [aquarium_subvault_window,
          aquarium_subvault_bridge, aquarium_subvault_wall,
          aquarium_subvault_wall, aquarium_subvault_window,
          aquarium_subvault_bridge], aquarium_bridge_straight
          [aquarium_subvault_bridge, aquarium_subvault_wall,
          aquarium_subvault_bridge, aquarium_subvault_balcony],
          aquarium_window_fake, aquarium_window_corner, aquarium_window_2,
          aquarium_view_2d, aquarium_view_2g, aquarium_balcony_3a,
          aquarium_pool_side, nicolae_twisty_statue_hallways, uniq_robin
D:4:      layout_basic, minmay_misc_feat_square, uniq_blork_the_orc, uniq_ijyb
D:5:      layout_loops_cross, tgw_sif, serial_bayou_ford_a, uniq_prince_ribbit1
D:6:      layout_basic, minmay_temple_entry_grid, ebering_ghost_rock_garden
D:7:      layout_loops_cross, pf_guarded_unrand_woodcutter
D:8:      layout_loops_ring, okawaru_trees_1
D:9:      layout_cave_pods, lightli_bailey_entry_fortress
D:10:     layout_stronghold, uniq_snorg, uniq_psyche
D:11:     layout_stronghold, hellmonk_lair_entry_icy, gauntlet_entry_generic
D:12:     layout_basic, orc_0_dummy, serial_shops, shop
D:13:     layout_stronghold
D:14:     layout_basic, david_vaults_2, minmay_hedge_maze
D:15:     kennysheep_seaside_town, layout_basic, minivault_26
Lair:1:   lemuel_reptile_caves, layout_regular_city, dreamdust_mushroom_princess
Lair:2:   layout_roguey, skrybe_swamp_entry_bodies, lemuel_fruit_fields,
          infiniplex_staircase_pool_2, serial_bayou_shore_a
Lair:3:   layout_long_grid, guppyfry_snake_entry_garden
Lair:4:   layout_gridlike, minivault_23, lemuel_fruit_fields, uniq_rupert,
          uniq_urug
Lair:5:   cheibrodos_lair_end_hotspot, layout_regular_city,
          minmay_slime_entry_pillars, grunt_forest_stairs_basic
Swamp:1:  layout_basic_swamp, nicolae_swamp_feature_on_the_river_bank,
          uniq_nikola, uniq_aizul
Swamp:2:  layout_basic_swamp, infiniplex_staircase_pool
Swamp:3:  layout_basic_swamp, ebering_ghost_rock_garden, serial_swamp_ruin,
          evilmike_swamp_ruin_house_1, evilmike_swamp_ruin_rubble_1,
          swamp_pool_4, hangedman_swamp_wriggling, uniq_mara
Swamp:4:  swamp_icy, layout_basic_swamp, swamp_pool_5,
          nicolae_swamp_decorative_isthmus
Snake:1:  cheibrodos_forgotten_conduit, layout_cave_pods, uniq_jorgrun
Snake:2:  layout_layer_cave
Snake:3:  layout_cave_town, minmay_shoptagon
Slime:1:  cheibrodos_slime_lost_civilization_8, layout_caves, special_room
          [special_room_jelly]
Slime:2:  layout_caves
Slime:3:  layout_caves
Slime:4:  layout_caves
Slime:5:  slime_pit_nicolae_amoeboid
Orc:1:    layout_diamond_mine, serial_shops, shop
Orc:2:    st_orc_mages, layout_caves, serial_shops,
          nicolae_shop_competitors_out_of_business, gammafunk_ghost_arena,
          hangedman_minor_magic

Skill      XL: |  1  2  3  4  5  6  7  8  9 10 11 12 13 14 15 16 17 |
---------------+----------------------------------------------------+-----
Axes           | 3 4 5 6 7 9 11 13 14 19 20 | 20.0
Fighting       | 8 11 13 16 18 19 20 21 | 21.2
Armour         | 8 11 13 16 18 19 20 | 20.8
Dodging        | 6 10 | 10.5
Evocations     | 1 2 |  2.9
Shields        | |  3.9

Action                     |  1- 3 |  4- 6 |  7- 9 | 10-12 | 13-15 | 16-18 || total
---------------------------+-------+-------+-------+-------+-------+-------++-------
  Melee: War axe           |    63 |    48 |       |       |       |       ||   111
         Headbutt          |     6 |     8 |    39 |    65 |   146 |    85 ||   349
         Hand axe          |       |    35 |   151 |       |       |       ||   186
         Battleaxe         |       |       |    53 |   307 |   723 |   383 ||  1466
         Kick              |       |       |       |    96 |   151 |    38 ||   285
         Bite              |       |       |       |    41 |    71 |    49 ||   161
         Pseudopods        |       |       |       |       |    21 |    90 ||   111
         Dire flail        |       |       |       |       |     3 |       ||     3
  Evoke: Wand              |       |       |     5 |     8 |       |     2 ||    15
         Lightning rod     |       |       |       |       |       |     2 ||     2
    Use: Scroll            |     1 |     1 |     2 |     5 |    12 |     7 ||    28
         Potion            |       |     1 |     2 |     2 |     1 |     1 ||     7
   Stab: Distracted        |       |       |       |       |     1 |     1 ||     2
         Sleeping          |       |       |       |       |     1 |       ||     1
 Armour: Scale mail        |    51 |    66 |       |       |       |       ||   117
         Chain mail        |       |     7 |   195 |    95 |    34 |   515 ||   846
         Plate armour      |       |       |       |   230 |   516 |       ||   746
         Ring mail         |       |       |       |       |    39 |       ||    39
  Dodge: Dodged            |    35 |    28 |    75 |   234 |   683 |   460 ||  1515
  Block: Buckler           |    16 |    11 |    27 |       |       |       ||    54

Table legend: (Time is in decaauts)
 A = Elapsed time spent in this place.
 B = Non-inter-level travel time spent in this place.
 C = Inter-level travel time spent in this place.
 D = Time resting spent in this place.
 E = Time spent auto-exploring this place.
 F = Levels seen in this place.
 G = Mean time per level.
                   A        B        C        D        E       F      G
               +--------+--------+--------+--------+--------+-----+--------+
         Total |  25710 |  23653 |   2057 |    156 |  18691 |  35 |  734.6 |
       Dungeon |  12398 |  11653 |    745 |     20 |   9611 |  15 |  826.5 |
          Lair |   4728 |   4149 |    579 |     22 |   3087 |   5 |  945.6 |
         Swamp |   3408 |   3211 |    197 |     74 |   2272 |   4 |  852.0 |
     Snake Pit |   2273 |   2237 |     36 |     17 |   1939 |   3 |  757.7 |
    Slime Pits |    998 |    711 |    287 |      0 |    622 |   5 |  199.6 |
  Orcish Mines |   1664 |   1454 |    210 |     23 |   1066 |   2 |  832.0 |
        Bailey |    237 |    237 |      0 |      0 |     93 |   1 |  237.0 |
               +--------+--------+--------+--------+--------+-----+--------+

Top non-repeatable levels by time:
 Snake:2: 1322 daAuts
    D:15: 1292 daAuts
    D:14: 1116 daAuts
  Lair:5: 1074 daAuts
   Orc:2: 1043 daAuts
 Swamp:3: 1026 daAuts
  Lair:2: 974 daAuts
  Lair:3: 969 daAuts
    D:11: 967 daAuts
  Lair:1: 945 daAuts
 Swamp:4: 939 daAuts
 Snake:1: 938 daAuts
    D:12: 900 daAuts
    D:10: 887 daAuts
     D:7: 870 daAuts
